 Dungeon Crawl Stone Soup version 0.29-a0-322-g68df515428 (webtiles) character file.

Game seed: 14701664863295095898

105 HotDog the Skirmisher (level 4, -2/61 HPs)
             Began as a Hill Orc Fighter on Apr 8, 2022.
             Was a Believer of Trog.
             Killed from afar by an orc wizard (6 damage)
             ... with a magic dart
             ... on level 3 of the Dungeon.
             The game lasted 00:01:48 (2312 turns).

HotDog the Skirmisher (Hill Orc Fighter)            Turns: 2312, Time: 00:01:48

Health: -2/61      AC:  7    Str: 20    XL:     4   Next: 81%
Magic:  5/5        EV:  9    Int:  8    God:    Trog [**....]
Gold:   184        SH:  0    Dex: 10    Spells: 3/3 levels left

rFire   . . .      SeeInvis .   a - +0 war axe
rCold   . . .      Faith    .   c - +0 buckler
rNeg    . . .      Spirit   .   b - +0 scale mail
rPois   .          Reflect  .   (no helmet)
rElec   .          Harm     .   (no cloak)
rCorr   .          Rampage  .   (no gloves)
Will    .....                   (no boots)
Stlth   ..........              (no amulet)
HPRegen 0.20/turn               (no ring)
MPRegen 0.09/turn               (no ring)

@: confused, berserking (expiring), very quick
A: no striking features
a: Renounce Religion, Berserk, Trog's Hand


You were on level 3 of the Dungeon.
You worshipped Trog.
Trog was pleased with you.
You visited 1 branch of the dungeon, and saw 3 of its levels.

You collected 184 gold pieces.

Inventory:

Hand Weapons
 a - a +0 war axe (weapon)
Armour
 b - a +0 scale mail (worn)
 c - a +0 buckler (worn)
Wands
 l - a wand of acid (9)
Scrolls
 g - a scroll of fear {unknown}
 h - 2 scrolls of identify {unknown}
 i - a scroll of noise {unknown}
 j - 2 scrolls of vulnerability {unknown}
 n - a scroll of silence {unknown}
Potions
 d - 2 potions of might
 e - a potion of resistance {unknown}
 f - a potion of attraction {unknown}
 k - a potion of haste {unknown}
 m - a potion of mutation {unknown}


   Skills:
 * Level 4.4 Fighting
 * Level 4.2 Axes
 * Level 3.7 Armour
 * Level 0.5 Dodging
 * Level 3.8 Shields
 * Level 1.4 Invocations


You had 3 spell levels left.
You didn't know any spells.
Your spell library contained the following spells:

 Spells                   Type           Power      Damage    Failure   Level
 Ozocubu's Armour         Ice            0%         N/A       99%         3
 Metabolic Englaciation   Hex/Ice        0%         N/A       100%        5
 Simulacrum               Ice/Necr       0%         N/A       100%        6


Dungeon Overview and Level Annotations

Branches:
Dungeon (3/15)

Altars:
Trog

Shops:
D:1 ?


Message History

You are poisoned.
The adder poisons you! You block something's attack.
You are too injured to fight recklessly!
Unknown command.
You slice the adder!!
You kill the adder!
Trog accepts your kill.
You hit something.
You feel sick.
You hear some strange, mumbled words.
A puff of flame appears from out of thin air!
The puff of flame hits you.
* * * LOW HITPOINT WARNING * * *
You are too injured to fight recklessly!
You feel sick.
You hear some strange, mumbled words.
A magic dart appears from out of thin air!
The magic dart hits you.
* * * LOW HITPOINT WARNING * * *
Items here: ) [ ††.
Unknown command.
You are too injured to fight recklessly!
You barely miss something. You barely miss something.
You feel sick.
You hear some strange, mumbled words.
You are confused.
You bump into the rock wall.
You feel sick.
You hear some strange, mumbled words.
A magic dart appears from out of thin air!
The magic dart hits you!
* * * LOW HITPOINT WARNING * * *
You closely miss something.
You feel sick. Something hits you but does no damage.
You bump into the rock wall.
You feel sick.
You are no longer poisoned.
Something hits you but does no damage.
You barely miss something.
You hear some strange, mumbled words.
A magic dart appears from out of thin air!
The magic dart hits you.
You die...

#####.#########.#
#####....(....#.#
....#........>#.#
###.#.#######.#.# #
#.#.# #.†.....# .# #.#.#
#.###.#####.###
###.#.###.###.##......##
................{.......
#####...........@.....#
#.######..##)##.### #.#
#..##.# # #.# #..##..
#.# #..##### #.. ...#
### ##..


There were no monsters in sight!

Vanquished Creatures
  4 adders
  2 dart slugs (D:1)
  3 orcs (D:3)
  8 endoplasms
  A giant cockroach (D:1)
  6 goblins
  4 hobgoblins
  4 jackals (D:1)
  7 kobolds
  3 quokkas
  3 ball pythons (D:1)
  7 bats
  4 frilled lizards
  3 rats
59 creatures vanquished.

Notes
Turn   | Place    | Note
-------+----------+-------------------------------------------
     0 | D:1      | HotDog the Hill Orc Fighter began the quest for the Orb.
     0 | D:1      | Reached XP level 1. HP: 19/19 MP: 1/1
    52 | D:1      | Reached XP level 2. HP: 24/27 MP: 2/2
    97 | D:1      | Found Kerrud's Magic Scroll Boutique.
   255 | D:1      | Found a faded altar of an unknown god.
   423 | D:1      | Prayed at the altar of an unknown god.
   423 | D:1      | Became a worshipper of Trog the Wrathful
   423 | D:1      | Reached * piety under Trog
   452 | D:1      | Reached XP level 3. HP: 33/33 MP: 3/3
   942 | D:2      | Reached skill level 1 in Invocations
   942 | D:2      | Reached XP level 4. HP: 40/40 MP: 4/4
  1264 | D:2      | Reached ** piety under Trog
  2312 | D:3      | Killed from afar by an orc wizard

Illustrated notes

Levels and vault maps discovered:
D:1:      amcnicky_arrival_underground_garden, layout_rooms,
          chequers_ecumenical_altar_twisty, serial_shops, shop_fountains
D:2:      minmay_angry_zag, layout_loops_ring
D:3:      layout_loops_ring, serial_glass, glass_columns_a, glass_columns_a

Skill      XL: |  1  2  3  4 |
---------------+-------------+-----
Fighting       | 4 |  4.4
Axes           | 3 4 |  4.2
Invocations    | 1 |  1.4
Armour         | |  3.7
Dodging        | |  0.5
Shields        | |  3.8

Action                   |  1- 3 |  4- 6 || total
-------------------------+-------+-------++-------
Melee: War axe           |    65 |    72 ||   137
Invok: Berserk           |     1 |     2 ||     3
Armor: Scale mail        |    40 |    31 ||    71
Dodge: Dodged            |    48 |    32 ||    80
Block: Buckler           |    14 |    11 ||    25

Table legend: (Time is in decaauts)
 A = Elapsed time spent in this place.
 B = Non-inter-level travel time spent in this place.
 C = Inter-level travel time spent in this place.
 D = Time resting spent in this place.
 E = Time spent auto-exploring this place.
 F = Levels seen in this place.
 G = Mean time per level.
                   A        B        C        D        E       F      G
               +--------+--------+--------+--------+--------+-----+--------+
         Total |   2377 |   2324 |     53 |     34 |   1936 |   3 |  792.3 |
       Dungeon |   2377 |   2324 |     53 |     34 |   1936 |   3 |  792.3 |
               +--------+--------+--------+--------+--------+-----+--------+

Top non-repeatable levels by time:
     D:2: 986 daAuts
     D:1: 816 daAuts
     D:3: 574 daAuts
